| TOP OF THE 1ST |
|
Eugene Emeralds batting - Pitching for Milwaukee (NYP) Brewers : RHP Travis Bieberich
|
|
Pitching: RHP Travis Bieberich
|
|
|
Batting: RHB Garrett Granata
|
0-0: Called Strike 0-1: Foul Ball, location: 2F 0-2: SINGLE (Groundball, 6M, EV 93.1 MPH) (infield hit)
|
|
Batting: LHB Mark Huey
|
0-0: Called Strike Garrett Granata steals 2nd base 0-1: Called Strike 0-2: Ground out U3 (Groundball, 3L, EV 106.3 MPH) Garrett Granata to third
|
|
Batting: RHB Francisco Ramirez
|
0-0: Called Strike 0-1: Swinging Strike 0-2: Strikes out looking
|
|
Batting: LHB Trevor Spaulding
|
0-0: Called Strike 0-1: Swinging Strike 0-2: Ball 1-2: Foul Ball, location: 2F 1-2: Ground out 4-3 (Groundball, 4, EV 78.8 MPH)
|
| Top of the 1st over - 0 runs, 1 hit, 0 errors, 1 left on base; Eugene 0 - Milwaukee (NYP) 0 |
| BOTTOM OF THE 1ST |
|
Milwaukee (NYP) Brewers batting - Pitching for Eugene Emeralds : RHP Jose Ramirez
|
|
Pitching: RHP Jose Ramirez
|
|
|
Batting: RHB Bobby McCann
|
0-0: Ball 1-0: SINGLE (Groundball, 23, EV 70.0 MPH) (infield hit)
|
|
Batting: RHB Skyler Goss
|
0-0: Ball 1-0: Ball Bobby McCann steals 2nd, throwing error, E2 Bobby McCann to third 2-0: Called Strike 2-1: DOUBLE (Groundball, 5L, EV 95.0 MPH) Bobby McCann scores
|
|
Batting: LHB Alfredo de la Cruz
|
0-0: Called Strike 0-1: Swinging Strike 0-2: Ball 1-2: Foul Ball, location: 2F 1-2: Foul Ball, location: 2F 1-2: Strikes out swinging
|
|
Batting: LHB Aaron Mobley
|
0-0: Called Strike 0-1: Ball 1-1: Ground out 5-3 (Groundball, 5, EV 88.1 MPH)
|
|
Batting: RHB Brian Landrum
|
0-0: Ball 1-0: Foul Ball, location: 2F 1-1: Foul Ball, location: 2F 1-2: Foul Ball, location: 2F 1-2: Foul Ball, location: 2F 1-2: Foul Ball, location: 2F 1-2: Foul Ball, location: 2F 1-2: Ball 2-2: Strikes out swinging
|
| Bottom of the 1st over - 1 run, 2 hits, 1 error, 1 left on base; Eugene 0 - Milwaukee (NYP) 1 |
| TOP OF THE 2ND |
|
Eugene Emeralds batting - Pitching for Milwaukee (NYP) Brewers : RHP Travis Bieberich
|
|
Batting: RHB Jonathan Sotelo
|
0-0: DOUBLE (Line Drive, 89M, EV 95.6 MPH)
|
|
Batting: LHB Kwang-chih Men
|
0-0: Called Strike 0-1: Foul Ball, location: 2F 0-2: DOUBLE (Groundball, 5L, EV 103.8 MPH) Jonathan Sotelo scores
|
|
Batting: RHB Frank McArdle
|
0-0: Ball 1-0: Ball 2-0: Ground out 6-3 (Groundball, 56, EV 86.9 MPH)
|
|
Batting: RHB Ryan Walker
|
0-0: Called Strike 0-1: SINGLE (Line Drive, 8LS, EV 93.1 MPH) Kwang-chih Men to third Runner from 3rd tries for Home, SAFE, throw by CF to home
|
|
Batting: RHB Jonathan Ridgely
|
0-0: Called Strike 0-1: Foul Ball, location: 2F 0-2: Foul Ball, location: 2F 0-2: Ball 1-2: Ball 2-2: Fly out, F3 (Line Drive, 3, EV 78.1 MPH) Lined into DP, U3 (Line Drive, 3, EV 71.9 MPH)
|
| Top of the 2nd over - 2 runs, 3 hits, 0 errors, 0 left on base; Eugene 2 - Milwaukee (NYP) 1 |
| BOTTOM OF THE 2ND |
|
Milwaukee (NYP) Brewers batting - Pitching for Eugene Emeralds : RHP Jose Ramirez
|
|
Batting: RHB Dustin Hartman
|
0-0: SINGLE (Line Drive, 8RM, EV 90.0 MPH)
|
|
Batting: RHB Brad Wren
|
0-0: Ball 1-0: Grounds into double play, 6-4-3 (Groundball, 56D, EV 81.3 MPH)
|
|
Batting: SHB Adam Slade
|
0-0: Ball 1-0: Ground out 4-3 (Groundball, 4M, EV 80.6 MPH)
|
| Bottom of the 2nd over - 0 runs, 1 hit, 0 errors, 0 left on base; Eugene 2 - Milwaukee (NYP) 1 |
| TOP OF THE 3RD |
|
Eugene Emeralds batting - Pitching for Milwaukee (NYP) Brewers : RHP Travis Bieberich
|
|
Batting: RHB Garrett Granata
|
0-0: Called Strike 0-1: Foul Ball, location: 2F 0-2: Ball 1-2: Fly out, F3 (Line Drive, 3, EV 69.4 MPH)
|
|
Batting: LHB Mark Huey
|
0-0: Called Strike 0-1: Ball 1-1: Swinging Strike 1-2: Strikes out swinging
|
|
Batting: RHB Francisco Ramirez
|
0-0: Called Strike 0-1: Foul Ball, location: 2F 0-2: SINGLE (Groundball, 56D, EV 110.0 MPH)
|
|
Batting: LHB Trevor Spaulding
|
0-0: Ball 1-0: Called Strike 1-1: Ball Francisco Ramirez steals 2nd base 2-1: Ground out 6-3 (Groundball, 56, EV 88.1 MPH)
|
| Top of the 3rd over - 0 runs, 1 hit, 0 errors, 1 left on base; Eugene 2 - Milwaukee (NYP) 1 |
| BOTTOM OF THE 3RD |
|
Milwaukee (NYP) Brewers batting - Pitching for Eugene Emeralds : RHP Jose Ramirez
|
|
Batting: RHB Tom Campos
|
0-0: Swinging Strike 0-1: Ground out 5-3 (Groundball, 5, EV 80.6 MPH)
|
|
Batting: RHB Bobby McCann
|
0-0: Foul Ball, location: 2F 0-1: Ball 1-1: Foul Ball, location: 2F 1-2: Strikes out looking
|
|
Batting: RHB Skyler Goss
|
0-0: Swinging Strike 0-1: Ball 1-1: Ball 2-1: Swinging Strike 2-2: Ball 3-2: SINGLE (Line Drive, 89S, EV 88.8 MPH)
|
|
Batting: LHB Alfredo de la Cruz
|
0-0: Ball 1-0: Ball 2-0: Foul Ball, location: 2F 2-1: Fly out, F8 (Line Drive, 8LD, EV 83.8 MPH)
|
| Bottom of the 3rd over - 0 runs, 1 hit, 0 errors, 1 left on base; Eugene 2 - Milwaukee (NYP) 1 |
| TOP OF THE 4TH |
|
Eugene Emeralds batting - Pitching for Milwaukee (NYP) Brewers : RHP Travis Bieberich
|
|
Batting: RHB Jonathan Sotelo
|
0-0: SINGLE (Groundball, 13S, EV 68.1 MPH) (infield hit)
|
|
Batting: LHB Kwang-chih Men
|
0-0: Called Strike Jonathan Sotelo is caught stealing 2nd base 2-6 0-1: Foul Ball, location: 2F 0-2: Ball 1-2: Strikes out swinging
|
|
Batting: RHB Frank McArdle
|
0-0: Foul Ball, location: 2F 0-1: Ball 1-1: Swinging Strike 1-2: Strikes out swinging
|
| Top of the 4th over - 0 runs, 1 hit, 0 errors, 0 left on base; Eugene 2 - Milwaukee (NYP) 1 |
| BOTTOM OF THE 4TH |
|
Milwaukee (NYP) Brewers batting - Pitching for Eugene Emeralds : RHP Jose Ramirez
|
|
Batting: LHB Aaron Mobley
|
0-0: Fly out, F7 (Flyball, 7, EV 96.9 MPH)
|
|
Batting: RHB Brian Landrum
|
0-0: Called Strike 0-1: Ball 1-1: Ground out 5-3 (Groundball, 56, EV 83.8 MPH)
|
|
Batting: RHB Dustin Hartman
|
0-0: DOUBLE (Line Drive, 9LD, EV 104.4 MPH)
|
|
Batting: RHB Brad Wren
|
0-0: Ball 1-0: Ball 2-0: Called Strike 2-1: Ball 3-1: Fly out, F7 (Flyball, 7LM, EV 93.8 MPH)
|
| Bottom of the 4th over - 0 runs, 1 hit, 0 errors, 1 left on base; Eugene 2 - Milwaukee (NYP) 1 |
| TOP OF THE 5TH |
|
Eugene Emeralds batting - Pitching for Milwaukee (NYP) Brewers : RHP Travis Bieberich
|
|
Batting: RHB Ryan Walker
|
0-0: Called Strike 0-1: Ground out 5-3 (Groundball, 5S, EV 71.9 MPH)
|
|
Batting: RHB Jonathan Ridgely
|
0-0: Called Strike 0-1: Ball 1-1: Swinging Strike 1-2: Strikes out looking
|
|
Batting: RHB Garrett Granata
|
0-0: Called Strike 0-1: Ground out U3 (Groundball, 3, EV 97.5 MPH)
|
| Top of the 5th over - 0 runs, 0 hits, 0 errors, 0 left on base; Eugene 2 - Milwaukee (NYP) 1 |
| BOTTOM OF THE 5TH |
|
Milwaukee (NYP) Brewers batting - Pitching for Eugene Emeralds : RHP Jose Ramirez
|
|
Batting: SHB Adam Slade
|
0-0: Ball 1-0: Ball 2-0: Called Strike 2-1: Swinging Strike 2-2: Strikes out swinging
|
|
Batting: RHB Tom Campos
|
0-0: Ball 1-0: Ball 2-0: Ball 3-0: Called Strike 3-1: Fly out, F6 (Flyball, 6D, EV 76.3 MPH)
|
|
Batting: RHB Bobby McCann
|
0-0: Ball 1-0: SINGLE (Line Drive, 8LS, EV 93.8 MPH)
|
|
Batting: RHB Skyler Goss
|
0-0: Ball Bobby McCann steals 2nd base (no throw) 1-0: Called Strike 1-1: Ball 2-1: Foul Ball, location: 2F 2-2: Foul Ball, location: 2F 2-2: SINGLE (Groundball, 6D, EV 108.8 MPH) Bobby McCann to third Runner from 3rd tries for Home, SAFE, throw by CF to home
|
|
Batting: LHB Alfredo de la Cruz
|
0-0: Ball 1-0: Ball 2-0: Ball 3-0: Called Strike 3-1: Base on Balls Skyler Goss to second
|
|
Pitching: LHP Jesse Fields
|
|
|
Batting: LHB Aaron Mobley
|
0-0: Swinging Strike 0-1: Ball 1-1: Ball 2-1: Foul Ball, location: 2F 2-2: Ball 3-2: Base on Balls Skyler Goss to third Alfredo de la Cruz to second
|
|
Batting: RHB Brian Landrum
|
0-0: Called Strike 0-1: Called Strike 0-2: Ball 1-2: Ball 2-2: SINGLE (Groundball, 56D, EV 105.0 MPH) Skyler Goss scores Alfredo de la Cruz to third Aaron Mobley to second Runner from 3rd tries for Home, SAFE, throw by LF to home
|
|
Batting: RHB Dustin Hartman
|
0-0: Fielders Choice at 2nd, 5-4 (Groundball, 56, EV 102.5 MPH)
|
| Bottom of the 5th over - 3 runs, 3 hits, 0 errors, 2 left on base; Eugene 2 - Milwaukee (NYP) 4 |
| TOP OF THE 6TH |
|
Eugene Emeralds batting - Pitching for Milwaukee (NYP) Brewers : RHP Travis Bieberich
|
|
Batting: LHB Mark Huey
|
0-0: Hit by Pitch
|
|
Batting: RHB Francisco Ramirez
|
0-0: Ball Mark Huey steals 2nd base 1-0: DOUBLE (Flyball, 78XD, EV 93.1 MPH) Mark Huey scores
|
|
Batting: LHB Trevor Spaulding
|
0-0: Called Strike 0-1: Foul Ball, location: 2F 0-2: Ball 1-2: Foul Ball, location: 2F 1-2: Foul Ball, location: 2F 1-2: Foul Ball, location: 2F 1-2: Ball 2-2: Hit by Pitch
|
|
Batting: RHB Jonathan Sotelo
|
0-0: Ball 1-0: Fly out, F4 (Popup, 34S, EV 86.9 MPH)
|
|
Batting: LHB Kwang-chih Men
|
0-0: Swinging Strike 0-1: Swinging Strike 0-2: SINGLE (Line Drive, 9S, EV 106.3 MPH) Francisco Ramirez to third Trevor Spaulding to second Runner from 3rd tries for Home, SAFE, throw by RF to home
|
|
Pitching: LHP John Miller
|
|
|
Batting: RHB Frank McArdle
|
0-0: Ball 1-0: Ball 2-0: Ground out 5-3 (Groundball, 56, EV 106.3 MPH) Trevor Spaulding to third Kwang-chih Men to second
|
|
Batting: RHB Ryan Walker
|
0-0: Foul Ball, location: 2F 0-1: Ball 1-1: Fly out, F9 (Flyball, 9S, EV 80.0 MPH)
|
| Top of the 6th over - 2 runs, 2 hits, 0 errors, 2 left on base; Eugene 4 - Milwaukee (NYP) 4 |
| BOTTOM OF THE 6TH |
|
Milwaukee (NYP) Brewers batting - Pitching for Eugene Emeralds : LHP Jesse Fields
|
|
Batting: RHB Brad Wren
|
0-0: Called Strike 0-1: Ground out 5-3 (Groundball, 56, EV 93.8 MPH)
|
|
Batting: SHB Adam Slade
|
0-0: Ball 1-0: Swinging Strike 1-1: Ball 2-1: Ball 3-1: Called Strike 3-2: Strikes out swinging
|
|
Batting: RHB Tom Campos
|
0-0: Called Strike 0-1: Called Strike 0-2: Strikes out swinging
|
| Bottom of the 6th over - 0 runs, 0 hits, 0 errors, 0 left on base; Eugene 4 - Milwaukee (NYP) 4 |
| TOP OF THE 7TH |
|
Eugene Emeralds batting - Pitching for Milwaukee (NYP) Brewers : LHP John Miller
|
|
Batting: RHB Jonathan Ridgely
|
0-0: Ball 1-0: Fly out, F9 (Line Drive, 9D, EV 88.8 MPH)
|
|
Batting: RHB Garrett Granata
|
0-0: Called Strike 0-1: Ball 1-1: SINGLE (Groundball, 56D, EV 98.1 MPH)
|
|
Batting: LHB Mark Huey
|
0-0: Ball Garrett Granata steals 2nd base (no throw) 1-0: SINGLE (Groundball, 3S, EV 66.9 MPH) (infield hit) Garrett Granata to third
|
|
Batting: RHB Francisco Ramirez
|
0-0: SINGLE (Groundball, 34D, EV 102.5 MPH) Garrett Granata scores Mark Huey to second Runner from 2nd tries for 3rd, SAFE, no throw by RF
|
|
Batting: LHB Trevor Spaulding
|
0-0: Ball 1-0: Called Strike 1-1: Swinging Strike 1-2: Strikes out swinging
|
|
Batting: RHB Jonathan Sotelo
|
0-0: Ball 1-0: Called Strike 1-1: Called Strike 1-2: Strikes out swinging
|
| Top of the 7th over - 1 run, 3 hits, 0 errors, 2 left on base; Eugene 5 - Milwaukee (NYP) 4 |
| BOTTOM OF THE 7TH |
|
Milwaukee (NYP) Brewers batting - Pitching for Eugene Emeralds : LHP Jesse Fields
|
|
Pitching: RHP Harry Poindexter
|
|
|
Batting: RHB Bobby McCann
|
0-0: Ball 1-0: Foul Ball, location: 2F 1-1: Called Strike 1-2: Foul Ball, location: 2F 1-2: Foul Ball, location: 2F 1-2: Ball 2-2: Foul Ball, location: 2F 2-2: Ball 3-2: Foul Ball, location: 2F 3-2: Ground out 2-3 (Groundball, 13S, EV 63.1 MPH)
|
|
Batting: RHB Skyler Goss
|
0-0: Ball 1-0: Foul Ball, location: 2F 1-1: Swinging Strike 1-2: Strikes out swinging
|
|
Batting: LHB Alfredo de la Cruz
|
0-0: Called Strike 0-1: Foul Ball, location: 2F 0-2: Ball 1-2: Ball 2-2: Foul Ball, location: 2F 2-2: SINGLE (Groundball, 56D, EV 105.6 MPH)
|
|
Batting: LHB Aaron Mobley
|
0-0: Ball Alfredo de la Cruz is caught stealing 2nd base 2-6
|
| Bottom of the 7th over - 0 runs, 1 hit, 0 errors, 0 left on base; Eugene 5 - Milwaukee (NYP) 4 |
| TOP OF THE 8TH |
|
Eugene Emeralds batting - Pitching for Milwaukee (NYP) Brewers : LHP John Miller
|
|
Pitching: LHP Willis Escobedo
|
|
|
Batting: LHB Kwang-chih Men
|
0-0: Ball 1-0: Called Strike 1-1: Called Strike 1-2: Strikes out swinging
|
|
Batting: RHB Frank McArdle
|
0-0: Swinging Strike 0-1: Called Strike 0-2: Strikes out swinging
|
|
Batting: RHB Ryan Walker
|
0-0: Called Strike 0-1: Ball 1-1: Ball 2-1: Swinging Strike 2-2: Ball 3-2: Ground out 6-3 (Groundball, 4MS, EV 85.0 MPH)
|
| Top of the 8th over - 0 runs, 0 hits, 0 errors, 0 left on base; Eugene 5 - Milwaukee (NYP) 4 |
| BOTTOM OF THE 8TH |
|
Milwaukee (NYP) Brewers batting - Pitching for Eugene Emeralds : RHP Harry Poindexter
|
|
Pitching: LHP Mike Alexander
|
|
|
Batting: LHB Aaron Mobley
|
0-0: Foul Ball, location: 2F 0-1: Ball 1-1: Ball 2-1: Ball 3-1: Base on Balls
|
|
Batting: RHB Brian Landrum
|
0-0: Ball 1-0: Ground out 6-3 (Groundball, 56S, EV 86.3 MPH) Aaron Mobley to second
|
|
Batting: RHB Dustin Hartman
|
0-0: Fly out, F7 (Flyball, 7S, EV 78.1 MPH)
|
|
Batting: RHB Brad Wren
|
0-0: 2-RUN HOME RUN (Flyball, 9LD, EV 95.6 MPH), Distance : 348 ft
|
|
Batting: SHB Adam Slade
|
0-0: Ball 1-0: Foul Ball, location: 2F 1-1: Fly out, F4 (Popup, 4S, EV 76.3 MPH)
|
| Bottom of the 8th over - 2 runs, 1 hit, 0 errors, 0 left on base; Eugene 5 - Milwaukee (NYP) 6 |
| TOP OF THE 9TH |
|
Eugene Emeralds batting - Pitching for Milwaukee (NYP) Brewers : LHP Willis Escobedo
|
|
Pitching: LHP Paul Schumacher
|
|
|
Batting: RHB Jonathan Ridgely
|
0-0: Called Strike 0-1: Ball 1-1: Ball 2-1: Foul Ball, location: 2F 2-2: Hit by Pitch
|
|
Batting: RHB Garrett Granata
|
0-0: Sac Bunt to 3S - play at first, batter OUT! 3-1 Jonathan Ridgely to second
|
|
Batting: LHB Mark Huey
|
0-0: Foul Ball, location: 2F 0-1: Ball 1-1: Ball 2-1: Foul Ball, location: 2F 2-2: Strikes out swinging
|
|
Batting: RHB Francisco Ramirez
|
0-0: Called Strike 0-1: Ball 1-1: Swinging Strike 1-2: Strikes out swinging
|
| Top of the 9th over - 0 runs, 0 hits, 0 errors, 1 left on base; Eugene 5 - Milwaukee (NYP) 6 |
|